AoeStats
← DENNIS

Four Lakes

510192838Analyzed
1v1 RM · 3d ago on Sep 29, 2026· 48m 25s· 2 players
Game mode
Random Map
Map size
Tiny (2 player)
Population
200
Speed
Normal
Resources
Standard
Victory
Conquest
Starting age
Dark Age
Ending age
Imperial Age
RankedLock teamsTeams togetherTeam positionsShared explorationLock speedFull tech treeHidden civsTurbo modeCheats
Victory
Defeat
🇺🇸 Lithuanians · United States
1290
+16
🇸🇪 Celts · Sweden
1282
-16
DENNIS
8:00 Loom
9:50 Feudal Age
11:35 Double-Bit Axe
16:26 Castle Age
19:42 Pikeman
20:35 Bow Saw
24:17 Scale Mail Armor
26:23 Forging
26:28 Chain Mail Armor
26:57 Wheelbarrow
26:18 Horse Collar
29:18 Iron Casting
29:00 Gold Mining
29:05 Stone Mining
29:59 Town Watch
33:02 Imperial Age
33:08 Imperial Age
30:54 Hand Cart
31:05 Arson
33:29 Ballistics
33:23 Stronghold
33:09 Halberdier
34:22 Plate Mail Armor
35:06 Conscription
36:02 Blast Furnace
39:04 Light Cavalry
39:44 Husbandry
43:34 Hussar
44:36 Scale Barding Armor
45:49 Chain Barding Armor
RespectTheRussell
12:26 Feudal Age
11:05 Loom
12:57 Double-Bit Axe
12:54 Fishing Lines
13:07 Town Watch
16:39 Castle Age
16:06 Wheelbarrow
15:24 Gold Mining
16:04 Scale Barding Armor
16:10 Forging
17:10 Bloodlines
17:44 Chain Barding Armor
18:05 Husbandry
19:20 Horse Collar
24:35 Devotion
25:28 Gillnets
28:59 Imperial Age
28:49 Bow Saw
29:17 Iron Casting
28:45 Heavy Plow
30:44 Chemistry
30:44 Plate Barding Armor
30:05 Cavalier
30:50 Stone Mining
45:02 Hand Cart
45:31 Stone Shaft Mining
45:02 Paladin
Connection lost

Rejoining the realm…

Still unreachable

The connection could not be restored.

Session expired

The server has moved on; the page needs a fresh start.